 Dungeon Crawl Stone Soup version 0.24.0-1-gfbc8707 (webtiles) character file.

Game seed: 10592219912659759590, levelgen mode: deterministic

33 Buxparty the Skirmisher (level 3, 0/29 HPs)
             Began as a Mummy Fighter on Jan 9, 2020.
             Slain by a hound (1 damage)
             ... on level 2 of the Dungeon.
             The game lasted 00:01:31 (832 turns).

Buxparty the Skirmisher (Mummy Fighter)              Turns: 832, Time: 00:01:31

Health: 0/29       AC:  6    Str: 20    XL:     3   Next: 12%
Magic:  3/3        EV:  7    Int:  7    God:
Gold:   104        SH:  9    Dex: 11    Spells: 2/2 levels left

rFire    x . .     SeeInvis .   a - +0 war axe
rCold    + . .     Gourm    .   c - +0 shield
rNeg     + + +     Faith    .   b - +0 scale mail
rPois    ∞         Spirit   .   (no helmet)
rElec    .         Reflect  .   (no cloak)
rCorr    .         Harm     .   (no gloves)
MR       .....                  (no boots)
Stlth    ..........             (no amulet)
HPRegen  0.09/turn              (no ring)
MPRegen  0.08/turn              (no ring)

@: no status effects
A: no food or potions, fire vulnerability, cold resistance 1, negative energy
resistance 3, torment resistance, unbreathing
a: no special abilities


You were on level 2 of the Dungeon.
You were not hungry.

You visited 1 branch of the dungeon, and saw 2 of its levels.

You collected 104 gold pieces.

Inventory:

Hand Weapons
 a - a +0 war axe (weapon)
Armour
 b - a +0 scale mail (worn)
 c - a +0 shield (worn)
Scrolls
 d - a scroll of magic mapping {unknown}
 e - 2 scrolls of amnesia {unknown}
 f - a scroll of fog {unknown}
 g - a scroll of teleportation {unknown}
 h - 2 scrolls of identify {unknown}
 i - a scroll of noise {unknown}


   Skills:
 + Level 3.3 Fighting
 * Level 2.3 Axes
 - Level 2.4 Armour
 + Level 2.7 Shields


You had 2 spell levels left.
You didn't know any spells.
Your spell library was empty.

Dungeon Overview and Level Annotations

Branches:
Dungeon (2/15)

Altars:
Makhleb


Innate Abilities, Weirdness & Mutations

You do not eat or drink.
Your flesh is vulnerable to fire.
You are immune to poison.
Your flesh is cold resistant. (rC+)
You are immune to negative energy. (rN+++)
You are immune to unholy pain and torment.
You can survive without breathing.


Message History

You barely miss the hound.
The hound is almost dead.
The hound bites you.
* * * LOW HITPOINT WARNING * * *
You block the hound's attack.
You barely miss the hound.
The hound is almost dead.
The hound bites you.
* * * LOW HITPOINT WARNING * * *
The hound bites you but does no damage.
You closely miss the hound.
The hound is almost dead.
You block the hound's attack. The hound bites you.
* * * LOW HITPOINT WARNING * * *
You barely miss the hound.
The hound is almost dead.
The hound bites you.
* * * LOW HITPOINT WARNING * * *
The hound bites you.
You die...

##############
#...##.......# ###
#...##.......#
###♣.♣##...##....>..#
...........##.......#
###♣.♣#♣.............
#.........@h......
#####♣.♣#♣.)...........
#.......(..............
#.###♣(♣####...........
#.##....####...........
.....##................
...###...##♣.♣......##..
.# #>.## #.#..#.### ._
..####.## ♣#.#.#


You could see a hound.

Vanquished Creatures
  2 dart slugs
  A leopard gecko (D:1)
  6 bats
  A giant cockroach (D:2)
  2 goblins
  4 hobgoblins
  4 frilled lizards
  6 kobolds
  2 rats (D:1)
28 creatures vanquished.

Notes
Turn   | Place    | Note
-------+----------+-------------------------------------------
     0 | D:1      | Buxparty the Mummy Fighter began the quest for the Orb.
     0 | D:1      | Reached XP level 1. HP: 18/18 MP: 1/1
   139 | D:1      | Reached XP level 2. HP: 20/24 MP: 2/2
   755 | D:2      | Reached XP level 3. HP: 28/29 MP: 3/3
   817 | D:2      | Found a burning altar of Makhleb.
   832 | D:2      | HP: 1/29 [hound (2)]
   832 | D:2      | Slain by a hound

Levels and vault maps discovered:
D:1:      minmay_arrival_checkered_box, layout_loops_cross, minmay_pentomino_s2
D:2:      layout_rooms, makhleb_heckhound_becter, serial_forest,
          infiniplex_forest_lined_corner, infiniplex_forest_lined_3,
          infiniplex_forest_lined_3_way, infiniplex_forest_lined_corner,
          infiniplex_forest_end_2, elyvilon_altar_4

Skill      XL: |  1 |
---------------+----+-----
Axes           | 2 |  2.3
Fighting       | |  3.3
Armour         | |  2.4
Shields        | |  2.7

Action                   || total
-------------------------++-------
Melee: War axe           ||   104
Armor: Scale mail        ||    58
Dodge: Dodged            ||    37
Block: Shield            ||    60
